 Dungeon Crawl Stone Soup version 0.25-a0-578-gc91f01c39c (webtiles) character file.

Game seed: 13063299104723382181, levelgen mode: deterministic

273 ANON1729 the Sneak (level 6, -4/43 HPs)
             Began as an Octopode Monk on Mar 5, 2020.
             Slain by a sky beast (6 damage)
             ... on level 3 of the Dungeon.
             The game lasted 00:06:01 (3129 turns).

ANON1729 the Sneak (Octopode Monk)                  Turns: 3129, Time: 00:06:01

Health: -4/43      AC:  1    Str: 10 (12) XL:     6   Next: 23%
Magic:  6/6        EV: 15    Int: 10 (13) God:
Gold:   128        SH:  0    Dex: 13 (14) Spells: 6/6 levels left

rFire    . . .     SeeInvis .     - Unarmed
rCold    . . .     Gourm    .   (no shield)
rNeg     . . .     Faith    .   (helmet restricted)
rPois    .         Spirit   .   (no amulet)
rElec    .         Reflect  .   i - ring of protection from magic
rCorr    .         Harm     .   (no ring)
MR       +....                  (no ring)
Stlth    ++++......             (no ring)
HPRegen  0.14/turn              (no ring)
MPRegen  0.10/turn              (no ring)
                                (no ring)
                                (no ring)

@: stab
A: almost no armour, stealthy swim, amphibious, 8 rings, constrict 8, camouflage
1, gelatinous body 1
a: no special abilities


You were on level 3 of the Dungeon.
You were not hungry.

You visited 1 branch of the dungeon, and saw 4 of its levels.

You collected 128 gold pieces.

Inventory:

Hand Weapons
 e - a +1 dagger of speed
Missiles
 o - a poisoned dart (quivered)
Armour
 j - a +0 tower shield
Jewellery
 f - an uncursed ring of poison resistance {unknown}
 i - a ring of protection from magic (left tentacle)
Scrolls
 b - 3 scrolls of identify {unknown}
 c - 2 scrolls of magic mapping
 d - a scroll of fear {unknown}
 g - 2 scrolls of immolation {unknown}
 h - a scroll of vulnerability {unknown}
 l - 3 scrolls of teleportation
 m - 2 scrolls of amnesia {unknown}
 n - a scroll of fog {unknown}
Potions
 q - a potion of degeneration
Comestibles
 a - 4 rations


   Skills:
 + Level 4.0 Fighting
 * Level 1.0 Throwing
 + Level 3.9 Dodging
 + Level 4.7 Stealth
 + Level 1.7 Shields
 * Level 4.1 Unarmed Combat
 + Level 0.5 Spellcasting


You had 6 spell levels left.
You didn't know any spells.
Your spell library was empty.

Dungeon Overview and Level Annotations

Branches:
Dungeon (4/15)
 Temple: D:4-7

Altars:
Ashenzari
Makhleb
Okawaru
Ru
Trog
Xom
Yredelemnul
The Shining One


Innate Abilities, Weirdness & Mutations

You cannot wear most types of armour.
You are very stealthy in the water. (Stealth+)
You are amphibious.
You can wear up to eight rings at the same time.
You can use your tentacles to constrict eight enemies at once.
Your skin changes colour to match your surroundings (Stealth+).
Your rubbery body absorbs attacks. (AC +1, EV +1)


Message History

You don't know any spells.
It was a potion of degeneration.
There was something very wrong with that liquid.
You feel weakened.
You feel dopey.
You feel clumsy. Something hits you.
* * * LOW HITPOINT WARNING * * *
Something shocks you.
* * * LOW HITPOINT WARNING * * *
Deactivating autopickup; reactivate with Ctrl-A.
Unknown command.
It was a potion of stabbing.
You feel ready to backstab. Something completely misses you.
Okay, then.
Okay, then.
Okay, then.
You barely miss something. Something hits you.
* * * LOW HITPOINT WARNING * * *
Something shocks you.
You die...

################ #....<..........
##### #....###########
....##############....####.......
....)............................
....)..................###.#.####
..#.##################.....#.# #
#.#.# ###8####.....#.####
#.#.####### #8@..8##..........#
#.#.......# ##.....##..........+
#.#######.####_....._#..........#
......<......##.....##'#.########
#.#######....##8...8##.#..# # #.#
#.......##.....##.##.## # #.#
#.####'##8.....8#.##..###### #.#
#......###.....##.##......## #.#
######## #8...8##.##......##


There were no monsters in sight!

Vanquished Creatures
  3 worker ants
  An iguana (D:3)
  A hound skeleton (D:4)
  7 adders
  2 oozes
  2 worms (D:3)
  4 dart slugs
  3 leopard geckos
  2 orcs (D:3)
  6 bats
  3 giant cockroaches (D:3)
  10 goblins
  5 hobgoblins
  15 kobolds
  2 quokkas
  2 frilled lizards (D:3)
  A leopard gecko zombie (D:3)
  A quokka skeleton (D:4)
  5 rats
75 creatures vanquished.

Notes
Turn   | Place    | Note
-------+----------+-------------------------------------------
     0 | D:1      | ANON1729 the Octopode Monk began the quest for the Orb.
     0 | D:1      | Reached XP level 1. HP: 16/16 MP: 1/1
   213 | D:1      | Reached XP level 2. HP: 21/21 MP: 2/2
   327 | D:1      | Found a shattered altar of Ashenzari.
   688 | D:1      | Reached XP level 3. HP: 26/26 MP: 3/3
   932 | D:2      | Found a basalt altar of Yredelemnul.
  1012 | D:2      | Reached XP level 4. HP: 27/31 MP: 4/4
  1303 | D:3      | Found a basalt altar of Yredelemnul.
  1372 | D:3      | Reached skill level 1 in Shields
  1424 | D:3      | Reached XP level 5. HP: 12/37 MP: 5/5
  1936 | D:3      | Found an iron altar of Okawaru.
  2853 | D:4      | Found a burning altar of Makhleb.
  2858 | D:4      | Found a shimmering altar of Xom.
  2859 | D:4      | Found a bloodstained altar of Trog.
  2859 | D:4      | Found a glowing golden altar of the Shining One.
  2859 | D:4      | Found a sacrificial altar of Ru.
  2872 | D:4      | Reached XP level 6. HP: 34/43 MP: 6/6
  3012 | D:4      | Reached skill level 1 in Throwing
  3073 | D:4      | Noticed a sky beast
  3129 | D:3      | HP: 2/43 [something (2)]
  3129 | D:3      | Slain by a sky beast

Levels and vault maps discovered:
D:1:      dpeg_arrival_long_road, layout_loops_ring, evilmike_ruin_ashenzari
D:2:      layout_rooms, lemuel_statue_altar
D:3:      layout_basic, nicolae_overflow_hidden_temple, minmay_divided_ellipse
D:4:      layout_rooms, grunt_temple_overflow_open

Skill      XL: |  1  2  3  4  5  6 |
---------------+-------------------+-----
Stealth        | 3 4 |  4.7
Shields        | 1 |  1.7
Unarmed Combat | 4 |  4.1
Fighting       | 4 |  4.0
Throwing       | 1 |  1.0
Dodging        | |  3.9
Spellcasting   | |  0.5

Action                   |  1- 3 |  4- 6 || total
-------------------------+-------+-------++-------
Melee: Unarmed           |    81 |   107 ||   188
       Constrict         |    22 |    26 ||    48
       Tentacles         |    11 |    21 ||    32
       Punch             |     3 |     4 ||     7
Throw: Dart              |       |    10 ||    10
  Use: Scroll            |     3 |       ||     3
       Potion            |       |     6 ||     6
 Stab: Sleeping          |     7 |    12 ||    19
  Eat: Chunk             |       |     7 ||     7
Armor: Skin              |     6 |     7 ||    13
Dodge: Dodged            |    57 |    65 ||   122

Table legend:
 A = Non-vault XP
 B = Vault XP
 C = Vault XP percentage of total XP
 D = Non-vault monster count
 E = Vault monster count
 F = Vault count percentage of total count
                 A         B        C        D         E       F
            +---------+---------+-------+---------+---------+-------
      Total |     287 |     103 |  26.4 |      63 |      12 |  16.0
            +---------+---------+-------+---------+---------+-------
        D:1 |      36 |       0 |   0.0 |      17 |       0 |   0.0
        D:2 |      76 |       0 |   0.0 |      20 |       0 |   0.0
        D:3 |      70 |     103 |  59.5 |      20 |      12 |  37.5
        D:4 |     105 |       0 |   0.0 |       6 |       0 |   0.0
            +---------+---------+-------+---------+---------+-------
